AoeStats
← pattertwig26

Socotra

506404971Analyzed
3v3 RM · 20d ago on Sep 13, 2026· 46m 11s· 6 players
Game mode
Random Map
Map size
128×128
Population
200
Speed
Normal
Resources
Standard
Victory
Conquest
Starting age
Dark Age
Ending age
Imperial Age
RankedLock teamsTeams togetherTeam positionsShared explorationLock speedFull tech treeHidden civsTurbo modeCheats
Victory
Defeat
🇦🇺 Ethiopians · Australia
1001
+17
🇦🇺 Lithuanians · Australia
1000
+51
🇦🇺 Britons · Australia
985
+17
🇩🇪 Bulgarians · Germany
1039
-18
🇲🇽 Spanish · Mexico
1005
-17
🇲🇽 Vikings · Mexico
1000
-16
Striker ksv
11:43 Loom
13:52 Feudal Age
14:27 Double-Bit Axe
14:26 Horse Collar
28:56 Castle Age
31:28 Heavy Plow
31:21 Gold Mining
31:44 Bow Saw
32:49 Scale Barding Armor
33:59 Chain Barding Armor
38:11 Forging
42:11 Imperial Age
42:20 Iron Casting
42:10 Scale Mail Armor
41:36 Pikeman
42:04 Gambesons
45:06 Chieftains
ericsarabia91
1:38 Loom
5:11 Loom
11:54 Feudal Age
12:29 Double-Bit Axe
19:50 Horse Collar
23:35 Castle Age
22:13 Fletching
26:14 Wheelbarrow
26:53 Bodkin Arrow
38:34 Heavy Plow
39:10 Pikeman
FLeury
3:40 Loom
11:47 Feudal Age
14:33 Wheelbarrow
21:29 Castle Age
20:34 Arson
20:57 Scale Barding Armor
20:55 Scale Mail Armor
20:49 Horse Collar
20:56 Double-Bit Axe
22:03 Gambesons
22:32 Forging
22:54 Pikeman
24:47 Squires
31:41 Gold Mining
39:07 Imperial Age
39:08 Scale Barding Armor
39:11 Halberdier
40:11 Husbandry
40:22 Bloodlines
41:23 Capped Ram
42:53 Conscription
42:57 Chain Mail Armor
43:20 Iron Casting
Trickster
7:59 Loom
10:47 Feudal Age
15:08 Double-Bit Axe
15:19 Fletching
22:01 Castle Age
22:06 Crossbowman
22:42 Bodkin Arrow
23:00 Bow Saw
24:26 Padded Archer Armor
28:33 Wheelbarrow
33:12 Thumb Ring
35:42 Light Cavalry
36:24 Husbandry
36:30 Scale Barding Armor
36:39 Forging
36:50 Hand Cart
39:46 Imperial Age
41:27 Chemistry
40:20 Arbalester
42:14 Bracer
pattertwig26
11:05 Feudal Age
12:54 Loom
14:15 Double-Bit Axe
27:06 Castle Age
29:49 Wheelbarrow
32:22 Hand Cart
32:59 Crossbowman
34:53 Fletching
42:35 Bow Saw
43:30 Bodkin Arrow
Ninja.Cat
12:13 Feudal Age
16:49 Castle Age
15:02 Double-Bit Axe
16:31 Wheelbarrow
15:47 Loom
21:55 Bow Saw
28:22 Horse Collar
28:56 Scale Barding Armor
30:12 Husbandry
34:27 Imperial Age
34:48 Hand Cart
34:30 Gold Mining
35:20 Husbandry
34:41 Cavalier
35:45 Chain Barding Armor
35:40 Forging
36:04 Conscription
37:03 Paladin
38:22 Iron Casting
42:41 Plate Barding Armor
Connection lost

Rejoining the realm…

Still unreachable

The connection could not be restored.

Session expired

The server has moved on; the page needs a fresh start.